 Dungeon Crawl Stone Soup version 0.24-a0-250-g6074511 (webtiles) character file.

Game seed: 10094055626610141286

60 Borgoz the Cutter (level 4, -1/27 HPs)
             Began as a Kobold Gladiator on Apr 14, 2019.
             Killed from afar by Natasha (4 damage)
             ... with a magic dart
             ... on level 2 of the Dungeon.
             The game lasted 00:02:39 (1373 turns).

Borgoz the Cutter (Kobold Gladiator)                Turns: 1373, Time: 00:02:40

Health: -1/27      AC:  7    Str: 12    XL:     4   Next: 24%
Magic:  4/4        EV: 15    Int:  9    God:
Gold:   62         SH:  0    Dex: 16    Spells: 3/3 levels left

rFire    . . .     SeeInvis .   a - +0 rapier
rCold    . . .     Gourm    .   (shield restricted)
rNeg     . . .     Faith    .   t - +0 ring mail
rPois    .         Spirit   .   c - +0 helmet
rElec    .         Reflect  .   (no cloak)
rCorr    .         Harm     .   o - +0 pair of gloves
MR       .....                  (no boots)
Stlth    +.........             (no amulet)
HPRegen  0.09/turn              (no ring)
MPRegen  0.09/turn              (no ring)

@: slowed, very slow
A: small, carnivore
a: no special abilities


You were on level 2 of the Dungeon.
You were completely stuffed.

You visited 1 branch of the dungeon, and saw 2 of its levels.

You collected 62 gold pieces.

Inventory:

Hand Weapons
 a - a +0 rapier (weapon)
Missiles
 d - 2 throwing nets (quivered)
Armour
 c - a +0 helmet (worn)
 o - a +0 pair of gloves (worn)
 t - a +0 ring mail (worn)
Scrolls
 e - a scroll of immolation {unknown}
 h - a scroll of fear {unknown}
 j - 3 scrolls of teleportation {unknown}
 m - 2 scrolls of random uselessness {unknown}
 p - a scroll of amnesia {unknown}
 q - a scroll of enchant armour {unknown}
 r - a scroll of remove curse {unknown}
 s - a scroll of identify {unknown}
Potions
 g - 2 potions of brilliance {unknown}
 i - a potion of agility {unknown}
 k - a potion of invisibility {unknown}
 l - a potion of might {unknown}
 n - a potion of haste {unknown}
Comestibles
 f - a ration
 u - 2 chunks of flesh


   Skills:
 + Level 2.9 Fighting
 + Level 4.6 Short Blades
 - Level 2.1 Throwing
 + Level 1.2 Armour
 + Level 4.3 Dodging


You had 3 spell levels left.
You didn't know any spells.
Your spell library was empty.

Dungeon Overview and Level Annotations

Branches:
Dungeon (2/15)

Altars:

Annotations:
D:2 Natasha


Innate Abilities, Weirdness & Mutations

You are small and have problems with some larger weapons.
You are carnivorous and can eat meat at any time.


Message History

You miss Natasha.
Natasha is almost dead.
The hobgoblin barely misses you. Natasha misses you.
The hobgoblin closely misses you.
You hit Natasha but do no damage.
Natasha is almost dead.
Natasha hisses.
Natasha casts a spell at you. You resist with some effort.
The hobgoblin misses you.
Natasha mumbles some strange words.
Natasha shimmers violently.
Natasha casts a spell at you. The magic dart hits you!
* * * LOW HITPOINT WARNING * * *
You closely miss Natasha.
Natasha is almost dead.
The hobgoblin misses you. Natasha casts a spell at you.
The magic dart hits you.
You die...

....## ...... .....
....#+#+####
#=........#
#.#..(......#
#....gh.....# ### #@#
..# #.###### #.#
.#####.##..># #.#
...........#.####.#
#.......####.[....# #
..(######.........#.#
## #.#######.#.#### #
#....... #.######


You could see Natasha and a hobgoblin.

Vanquished Creatures
  3 gnolls (D:2)
  A dart slug (D:1)
  A leopard gecko (D:1)
  2 giant cockroaches (D:1)
  4 goblins
  2 hobgoblins
  3 kobolds (D:1)
  A quokka (D:2)
  5 bats (D:1)
  3 frilled lizards (D:1)
  3 rats (D:1)
28 creatures vanquished.

Notes
Turn   | Place    | Note
-------+----------+-------------------------------------------
     0 | D:1      | Borgoz the Kobold Gladiator began the quest for the Orb.
     0 | D:1      | Reached XP level 1. HP: 12/12 MP: 1/1
    91 | D:1      | Reached XP level 2. HP: 8/18 MP: 2/2
   684 | D:1      | Reached XP level 3. HP: 22/22 MP: 3/3
  1228 | D:2      | Reached skill level 1 in Armour
  1253 | D:2      | Reached XP level 4. HP: 15/27 MP: 4/4
  1354 | D:2      | Noticed Natasha
  1373 | D:2      | Killed from afar by Natasha

Levels and vault maps discovered:
D:1:      sevenhm_arrival_forest_fort_large_2, layout_loops_corners
D:2:      layout_basic, grunt_temple_overflow_open, uniq_terence, uniq_natasha

Skill      XL: |  1  2  3 |
---------------+----------+-----
Dodging        | 4 |  4.3
Armour         | 1 |  1.2
Fighting       | |  2.9
Short Blades   | |  4.6
Throwing       | |  2.1

Action                   |  1- 3 |  4- 6 || total
-------------------------+-------+-------++-------
Melee: Rapier            |   106 |    29 ||   135
Throw: Throwing net      |       |     1 ||     1
 Stab: Sleeping          |     1 |       ||     1
  Eat: Chunk             |     4 |     6 ||    10
Armor: Leather armour    |    18 |       ||    18
       Ring mail         |     5 |    12 ||    17
Dodge: Dodged            |    96 |    34 ||   130

Table legend:
 A = Non-vault XP
 B = Vault XP
 C = Vault XP percentage of total XP
 D = Non-vault monster count
 E = Vault monster count
 F = Vault count percentage of total count
                 A         B        C        D         E       F
            +---------+---------+-------+---------+---------+-------
      Total |      86 |       0 |   0.0 |      28 |       0 |   0.0
            +---------+---------+-------+---------+---------+-------
        D:1 |      36 |       0 |   0.0 |      21 |       0 |   0.0
        D:2 |      50 |       0 |   0.0 |       7 |       0 |   0.0
            +---------+---------+-------+---------+---------+-------
